 Dungeon Sprint DCSS version 0.27-a0-797-g27d10ad80f (webtiles) character file.

Game seed: 16248556303120077488

65609 mhtbhm the Minotaur Porcupine (level 14, -17/168 HPs)
             Began as a Minotaur Berserker on Mar 27, 2021.
             Was the Champion of Trog.
             Killed from afar by an ironbound frostheart (35 damage)
             ... with a frost
             ... in the Dungeon (Sprint IX: "|||||||||||||||||||||||||||||").
             The game lasted 00:09:33 (4518 turns).

mhtbhm the Minotaur Porcupine (Minotaur Berserker)  Turns: 4518, Time: 00:09:35

Health: -17/168    AC: 17    Str: 26    XL:     14   Next: 76%
Magic:  13/13      EV: 20    Int:  4    God:    Trog [******]
Gold:   985        SH:  0    Dex: 11    Spells: 13/13 levels left

rFire    . . .     SeeInvis .   a - +5 glaive (vorpal)
rCold    . . .     Faith    .   (shield currently unavailable)
rNeg     . . .     Spirit   .   b - +0 swamp dragon scales
rPois    +         Reflect  .   (helmet restricted)
rElec    .         Harm     .   k - +0 cloak
rCorr    .         Rampage  .   (no gloves)
Will     +....     NoTele   +   w - +1 pair of boots
Stlth    ++........             v - amulet of regeneration
HPRegen  1.38/turn              l - +2 ring of evasion
MPRegen  0.13/turn              m - +2 ring of evasion

@: frozen, berserk cooldown, slowed, very slow
A: horns 2, retaliatory headbutt
a: Renounce Religion, Berserk, Trog's Hand, Brothers in Arms


You were in the Dungeon.
You worshipped Trog.
Trog was exalted by your worship.
You visited 1 branch You collected 1924 gold pieces.
You spent 939 gold pieces at shops.

Inventory:

Hand Weapons
 a - a +5 vorpal glaive (weapon)
Missiles
 o - 26 javelins (quivered)
Armour
 b - +0 swamp dragon scales (worn)
 k - a +0 cloak (worn)
 t - the +10 tower shield of Ignorance {rN+ Int-4}
   (You found it in the Dungeon)

   It affects your intelligence (-4).
   It protects you from negative energy.
 w - a +1 pair of boots (worn)
Jewellery
 l - a +2 ring of evasion (left hand)
 m - a +2 ring of evasion (right hand)
 v - an amulet of regeneration (around neck)
 x - a ring of willpower
 y - a ring of protection from fire
Wands
 j - a wand of iceblast (5)
Scrolls
 h - 2 scrolls of blinking
 q - 3 scrolls of fear
 r - 8 scrolls of enchant armour
 s - 4 scrolls of enchant weapon
 u - a scroll of holy word
 z - a scroll of identify
 B - 2 scrolls of fog
Potions
 c - 6 potions of curing
 d - 9 potions of heal wounds
 e - a potion of haste
 f - 4 potions of magic
 g - a potion of berserk rage
 i - a potion of invisibility
 p - a potion of might
 A - a potion of resistance


   Skills:
 O Level 27 Fighting
 O Level 27 Polearms
 + Level 1.4 Throwing
 + Level 19.4 Armour
 + Level 13.4 Dodging
 + Level 5.7 Stealth
 + Level 5.6 Evocations


You had 13 spell levels left.
You didn't know any spells.
Your spell library was empty.

Dungeon Overview and Level Annotations

Branches:
Dungeon (1/1)

Altars:
Cheibriados
Dithmenos
Elyvilon
Fedhas
Gozag
Hepliaklqana
Kikubaaqudgha
Makhleb
Nemelex Xobeh
Okawaru
Qazlal
Ru
Sif Muna
Trog
Uskayaw
Vehumet
Wu Jian
Xom
Yredelemnul
Zin
The Shining One
Beogh
Jiyva
Lugonu

Shops:
D ??[=


Innate Abilities, Weirdness & Mutations

You have a pair of horns on your head.
You reflexively headbutt those who attack you in melee.


Message History

The ironbound preserver is healed somewhat.
Unknown command.
You barely miss the ironbound preserver.
The ironbound preserver is heavily wounded.
A vault sentinel comes into view. It is wielding a +0 long sword.
The ironbound preserver gestures wildly while chanting.
The ironbound preserver begins to accept its allies' injuries.
The vault sentinel shouts!
You slice the ironbound preserver!!
The ironbound preserver is severely wounded.
The ice encasing you melts away.
The ironbound frostheart calls freezing cold from the walls.
The frost grips you but does no damage.
You are encased in ice.
The ironbound preserver hits you but does no damage.
You carve the ironbound preserver like a ham!!!
You kill the ironbound preserver!
Trog accepts your kill.
Trog appreciates your killing of a magic user.
The ironbound frostheart calls freezing cold from the walls.
The frost grips you!!
* * * LOW HITPOINT WARNING * * *
The ironbound frostheart calls freezing cold from the walls.
The frost grips you!!
* * * LOW HITPOINT WARNING * * *
You feel much better. The ice encasing you melts away.
The ironbound frostheart closely misses you.
You furiously retaliate!
You headbutt the ironbound frostheart.
The ironbound frostheart calls freezing cold from the walls.
The frost grips you!
* * * LOW HITPOINT WARNING * * *
You are encased in ice.
You feel much better.
The ironbound frostheart calls freezing cold from the walls.
The frost grips you!!!
* * * LOW HITPOINT WARNING * * *
The ironbound frostheart calls freezing cold from the walls.
The frost grips you!!
You die...

[[[.[[[[.........)'[(............
▓▓▓▓▓▓▓▓▓▓▓▓▓▓▓▓▓▓▓▓▓▓▓▓▓▓▓▓▓▓▓▓▓
))))).......)....)...............
▓▓▓▓▓▓▓▓▓▓▓▓▓▓▓▓▓▓▓▓▓♣♣♣♣♣♣♣♣♣♣▓▓
)††.....)..†)))†....)')........'.
▓▓▓▓▓▓▓▓▓▓▓▓▓▓▓▓▓▓▓▓▓♣♣♣♣♣♣♣♣♣♣▓▓
.......[).............(..........
▓▓▓▓▓▓▓▓▓▓▓▓▓▓▓▓▓▓▓▓▓▓▓▓▓▓▓▓▓▓▓▓▓
............')))@pcpcpp.
▓▓▓▓▓▓▓▓▓▓▓▓▓▓▓▓▓▓▓▓▓▓▓▓


You could see 3 ironbound frosthearts, a vault sentinel and 2 yaktaurs.

Vanquished Creatures
  Saint Roka (D)
  A lich (D)
  A fire giant (D)
  A very ugly thing (D)
  3 stone giants (D)
  2 ironbound preservers (D)
  Azrael (D)
  Snorg (D)
  3 dire elephants (D)
  A merfolk javelineer (D)
  An eleionoma (D)
  2 ettins (D)
  An ettin (shapeshifter) (D)
  A merfolk impaler (D)
  3 fire dragons (D)
  A yaktaur captain (D)
  Harold (D)
  4 hydras (D)
  Erolcha (D)
  A boulder beetle (D)
  A rakshasa (D)
  2 great orbs of eyes (D)
  An anaconda (D)
  An alligator (D)
  A tengu warrior (D)
  An alligator snapping turtle (D)
  Erica (D)
  A deep troll earth mage (D)
  2 deep troll shamans (D)
  7 orc high priests (D)
  3 shock serpents (D)
  Urug (D)
  A goliath frog (D)
  A flayed ghost (D)
  A wizard (D)
  A necromancer (D)
  3 orb spiders (D)
  A harpy (D)
  4 orc knights (D)
  2 wolf spiders (D)
  2 ugly things (D)
  4 manticores (D)
  2 will-o-the-wisps (D)
  A cyclops (D)
  5 elephants (D)
  5 black mambas (D)
  5 cane toads (D)
  A gargoyle (D)
  An unseen horror (D)
  A freezing wraith (D)
  A rime drake (D)
  2 tengu conjurers (D)
  An efreet (D)
  A kobold demonologist (D)
  2 demonic crawlers (D)
  2 trolls (D)
  A hornet (D)
  A bloated husk (D)
  2 merfolk (D)
  2 polar bears (D)
  A tyrant leech (D)
  A snapping turtle (D)
  2 redbacks (D)
  A spriggan (D)
  3 wraiths (D)
  A yak (D)
  A basilisk (D)
  A fire elemental (D)
  2 water moccasins (D)
  4 hell hounds (D)
  10 orc warriors (D)
  A necrophage (D)
  4 bullfrogs (D)
  2 hounds (D)
  8 orc priests (D)
  An iguana (D)
  A jelly (D)
  6 orc wizards (D)
  A dart slug (D)
  10 orcs (D)
  A ball python (D)
  A bat (D)
  A goblin (D)
  A giant cockroach zombie (D)
  A kobold (D)
175 creatures vanquished.

Vanquished Creatures (collateral kills)
  A frost giant (D)
  An orc high priest (D)
  An orc priest (D)
3 creatures vanquished.

Vanquished Creatures (others)
  An ogre mage (D)
  5 foxfires (D)
6 creatures vanquished.

Grand Total: 184 creatures vanquished

Notes
Turn   | Place    | Note
-------+----------+-------------------------------------------
     0 | D        | mhtbhm the Minotaur Berserker began the quest for the Orb.
     0 | D        | Reached XP level 1. HP: 19/19 MP: 0/0
    13 | D        | Reached ** piety under Trog
   246 | D        | Noticed a hound
   246 | D        | Noticed an iguana
   246 | D        | Noticed a hound
   246 | D        | Noticed a jelly
   246 | D        | Noticed a necrophage
   249 | D        | Killed a hound
   250 | D        | Reached skill level 5 in Fighting
   250 | D        | Reached XP level 2. HP: 30/30 MP: 1/1
   250 | D        | Reached XP level 3. HP: 37/37 MP: 2/2
   253 | D        | Reached *** piety under Trog
   257 | D        | Reached XP level 4. HP: 47/47 MP: 3/3
   265 | D        | Killed a necrophage
   266 | D        | Reached XP level 5. HP: 57/57 MP: 4/4
   271 | D        | Found a snail-covered altar of Cheibriados.
   271 | D        | Found a shadowy altar of Dithmenos.
   271 | D        | Found a white marble altar of Elyvilon.
   271 | D        | Found a blossoming altar of Fedhas.
   271 | D        | Found an opulent altar of Gozag.
   272 | D        | Found a hazy altar of Hepliaklqana.
   273 | D        | Found a viscous altar of Jiyva.
   274 | D        | Found an ancient bone altar of Kikubaaqudgha.
   275 | D        | Found a corrupted altar of Lugonu.
   276 | D        | Found a burning altar of Makhleb.
   277 | D        | Found a sparkling altar of Nemelex Xobeh.
   278 | D        | Found an iron altar of Okawaru.
   279 | D        | Found a stormy altar of Qazlal.
   280 | D        | Found a sacrificial altar of Ru.
   281 | D        | Found a shimmering blue altar of Sif Muna.
   282 | D        | Found a bloodstained altar of Trog.
   283 | D        | Found a hide-covered altar of Uskayaw.
   284 | D        | Found a radiant altar of Vehumet.
   285 | D        | Found an ornate altar of the Wu Jian Council.
   286 | D        | Found a shimmering altar of Xom.
   287 | D        | Found a basalt altar of Yredelemnul.
   288 | D        | Found a glowing silver altar of Zin.
   289 | D        | Found a glowing golden altar of the Shining One.
   366 | D        | Noticed a kobold demonologist
   366 | D        | Noticed a wraith
   366 | D        | Noticed a yak
   366 | D        | Noticed a troll
   372 | D        | Killed a kobold demonologist
   372 | D        | Reached **** piety under Trog
   373 | D        | Reached skill level 10 in Fighting
   373 | D        | Reached skill level 5 in Armour
   373 | D        | Reached skill level 5 in Dodging
   373 | D        | Reached XP level 6. HP: 67/67 MP: 5/5
   378 | D        | Killed an unseen horror
   379 | D        | Reached XP level 7. HP: 75/75 MP: 6/6
   383 | D        | Killed a wraith
   385 | D        | Killed a yak
   386 | D        | Reached XP level 8. HP: 85/85 MP: 7/7
   391 | D        | Killed a troll
   391 | D        | Reached ***** piety under Trog
   438 | D        | Noticed a troll
   438 | D        | Noticed an efreet
   438 | D        | Noticed a boulder beetle
   438 | D        | Noticed a gargoyle
   447 | D        | Reached skill level 15 in Polearms
   448 | D        | Killed a troll
   451 | D        | Killed an efreet
   452 | D        | Reached XP level 9. HP: 95/95 MP: 8/8
   455 | D        | Killed a boulder beetle
   455 | D        | Received a gift from Trog
   460 | D        | Killed a gargoyle
   496 | D        | Noticed Urug
   505 | D        | Killed Urug
   506 | D        | Reached skill level 15 in Fighting
   789 | D        | Noticed a cane toad
   789 | D        | Noticed a cane toad
   789 | D        | Noticed a cane toad
   792 | D        | Killed a cane toad
   793 | D        | Noticed a polar bear
   796 | D        | Killed a cane toad
   797 | D        | Reached XP level 10. HP: 106/106 MP: 9/9
   799 | D        | Killed a cane toad
   813 | D        | Reached ****** piety under Trog
   814 | D        | Reached skill level 10 in Armour
   875 | D        | Received a gift from Trog
   964 | D        | Noticed an eight-headed hydra
   964 | D        | Noticed a cane toad
   964 | D        | Noticed a cane toad
   965 | D        | Noticed a seven-headed hydra
   968 | D        | Killed a six-headed hydra
   971 | D        | Killed a cane toad
   972 | D        | Reached skill level 1 in Stealth
   973 | D        | Killed a cane toad
   978 | D        | Killed a three-headed hydra
   978 | D        | Noticed a five-headed hydra
   980 | D        | Received a gift from Trog
   988 | D        | Killed a two-headed hydra
   989 | D        | Reached XP level 11. HP: 47/117 MP: 10/10
  1229 | D        | Noticed a dire elephant
  1229 | D        | Noticed a dire elephant
  1236 | D        | Killed a dire elephant
  1243 | D        | Killed a dire elephant
  1258 | D        | Received a gift from Trog
  1280 | D        | Noticed a dire elephant
  1289 | D        | Killed a dire elephant
  1517 | D        | Noticed Erica
  1524 | D        | Killed Erica
  1535 | D        | Noticed Harold
  1544 | D        | Killed Harold
  1617 | D        | Received a gift from Trog
  1621 | D        | Noticed an orc knight
  1636 | D        | Killed an orc knight
  1639 | D        | Identified the +8 lajatang "Hemiuwewk" {vorpal, rN+ Dex+4}
                  | (Trog gifted it to you in the Dungeon)
  1639 | D        | Received a gift from Trog
  1794 | D        | Noticed an orc high priest
  1804 | D        | Killed an orc high priest
  1804 | D        | Received a gift from Trog
  1814 | D        | Reached XP level 12. HP: 130/130 MP: 11/11
  1824 | D        | Received a gift from Trog
  1937 | D        | Found Ogeyr Zoimm's Magic Scroll Emporium.
  1937 | D        | Noticed an orc high priest
  1937 | D        | Noticed an orc high priest
  1941 | D        | Noticed an orc high priest
  1943 | D        | Found Wecynorogi's Magic Scroll Shoppe.
  1943 | D        | Noticed an orc high priest
  1945 | D        | Killed an orc high priest
  1954 | D        | Killed an orc high priest
  1961 | D        | Killed an orc high priest
  1961 | D        | Received a gift from Trog
  1962 | D        | Noticed an orc high priest
  1969 | D        | Killed an orc high priest
  1979 | D        | Killed an orc high priest
  2315 | D        | Found Qetukhlel's Armour Emporium.
  2319 | D        | Found Uphum's Jewellery Shoppe.
  2322 | D        | Noticed an orc high priest
  2323 | D        | Noticed an orc high priest
  2335 | D        | Killed an orc high priest
  2339 | D        | Killed an orc high priest
  2343 | D        | Identified the +10 trident of Myul Piu {flame, +Rage rC+
                  | rN+} (Trog gifted it to you in the Dungeon)
  2343 | D        | Received a gift from Trog
  2481 | D        | Bought a scroll of enchant armour for 97 gold pieces
  2481 | D        | Bought a scroll of enchant armour for 97 gold pieces
  2483 | D        | Bought a scroll of blinking for 75 gold pieces
  2483 | D        | Bought a scroll of enchant weapon for 75 gold pieces
  2483 | D        | Bought a scroll of blinking for 75 gold pieces
  2483 | D        | Bought a scroll of fear for 35 gold pieces
  2483 | D        | Bought a scroll of holy word for 75 gold pieces
  2501 | D        | Bought an amulet of regeneration for 390 gold pieces
  2655 | D        | Found the +10 tower shield of Ignorance {rN+ Int-4}
  2820 | D        | Bought a scroll of identify for 20 gold pieces
  3019 | D        | Noticed an ogre mage
  3025 | D        | Reached skill level 1 in Throwing
  3025 | D        | Reached skill level 1 in Evocations
  3033 | D        | Reached skill level 15 in Armour
  3037 | D        | Killed an ogre mage
  3039 | D        | Noticed an ettin
  3043 | D        | Noticed an anaconda
  3043 | D        | an ettin changed into an anaconda
  3043 | D        | Noticed a great orb of eyes
  3044 | D        | Noticed an ettin
  3044 | D        | an anaconda changed into an ettin
  3048 | D        | Noticed a great orb of eyes
  3048 | D        | an ettin changed into a great orb of eyes
  3048 | D        | a great orb of eyes changed into something unseen
  3048 | D        | Noticed a fire dragon
  3051 | D        | Received a gift from Trog
  3051 | D        | Noticed an alligator
  3072 | D        | Noticed a satyr
  3073 | D        | Noticed an ettin
  3073 | D        | a satyr changed into an ettin
  3075 | D        | Killed an ettin
  3076 | D        | Noticed a fire dragon
  3080 | D        | Killed a great orb of eyes
  3085 | D        | Killed a fire dragon
  3086 | D        | Noticed a lich
  3098 | D        | Killed a fire dragon
  3119 | D        | Killed a lich
  3119 | D        | Received a gift from Trog
  3120 | D        | Reached XP level 13. HP: 73/145 MP: 5/12
  3230 | D        | Noticed Azrael
  3243 | D        | Noticed Snorg
  3245 | D        | Killed Azrael
  3259 | D        | Killed Snorg
  3259 | D        | Received a gift from Trog
  3278 | D        | Noticed Saint Roka
  3289 | D        | Identified the +11 halberd "Janoffie" {flame, +Fly Str-5
                  | Int-4 Stlth+} (Trog gifted it to you in the Dungeon)
  3289 | D        | Received a gift from Trog
  3298 | D        | Killed Saint Roka
  3299 | D        | Reached skill level 10 in Dodging
  3420 | D        | Reached skill level 5 in Evocations
  3422 | D        | Received a gift from Trog
  3539 | D        | Received a gift from Trog
  3564 | D        | Received a gift from Trog
  3603 | D        | Noticed a merfolk impaler
  3603 | D        | Noticed a merfolk javelineer
  3628 | D        | Killed a merfolk javelineer
  3633 | D        | Killed a merfolk impaler
  3640 | D        | Received a gift from Trog
  3688 | D        | Noticed an eleionoma
  3695 | D        | Killed an eleionoma
  3696 | D        | Reached XP level 14. HP: 160/160 MP: 13/13
  3711 | D        | Received a gift from Trog
  3811 | D        | Noticed Erolcha
  3816 | D        | Killed Erolcha
  3816 | D        | Received a gift from Trog
  3870 | D        | Noticed a stone giant
  3870 | D        | Noticed a stone giant
  3881 | D        | Killed a stone giant
  3890 | D        | Reached skill level 27 in Polearms
  3893 | D        | Killed a stone giant
  3893 | D        | Received a gift from Trog
  3897 | D        | Noticed a frost giant
  3904 | D        | Noticed a frost giant
  3906 | D        | Noticed a fire giant
  3907 | D        | Noticed a stone giant
  3931 | D        | Killed a frost giant
  3982 | D        | Killed a stone giant
  4081 | D        | Received a gift from Trog
  4121 | D        | Killed a fire giant
  4280 | D        | Reached skill level 5 in Stealth
  4492 | D        | Noticed an ironbound preserver
  4492 | D        | Noticed a green very ugly thing
  4494 | D        | Noticed an ironbound preserver
  4498 | D        | Received a gift from Trog
  4501 | D        | Killed an ironbound preserver
  4507 | D        | Reached skill level 27 in Fighting
  4511 | D        | Killed a green very ugly thing
  4516 | D        | Killed an ironbound preserver
  4518 | D        | Killed from afar by an ironbound frostheart

Illustrated notes

Levels and vault maps discovered:
D:        linesprint [early_d, line_temple, items_1, d_10, items_2, lair_1,
          lair_end, items_3, orc_1, orc_end, items_4, d_15, swamp_1, shoals_1,
          snake_1, spider_1, d_20, vaults_1, items_5, swamp_end, shoals_end,
          snake_end, spider_end, vaults_end, d_27, items_6, zot_1, zot_end,
          crypt_end, forest_end, elf_end, slime_end, tomb_end, abyss_end,
          pan_hell_end]

Skill      XL: |  1  2  3  4  5  6  7  8  9 10 11 12 13 14 |
---------------+-------------------------------------------+-----
Fighting       | 5 7 9 10 11 12 14 15 17 19 21 24 27 | 27.0
Polearms       | 6 7 9 11 13 14 16 18 20 23 24 26 27 | 27.0
Armour         | 3 4 5 6 7 8 9 11 13 15 17 19 | 19.4
Dodging        | 3 4 5 6 7 8 9 11 13 | 13.4
Stealth        | 1 2 3 5 |  5.7
Throwing       | 1 |  1.4
Evocations     | 3 5 |  5.6

Action                   |  1- 3 |  4- 6 |  7- 9 | 10-12 | 13-15 || total
-------------------------+-------+-------+-------+-------+-------++-------
Melee: Spear             |    20 |     8 |       |       |       ||    28
       Headbutt          |     4 |     3 |     7 |    38 |    35 ||    87
       Halberd           |       |    11 |    35 |       |       ||    46
       Glaive            |       |       |     9 |   210 |   248 ||   467
Throw: Throwing net      |       |       |       |     1 |       ||     1
Invok: Berserk           |     2 |     1 |     3 |     9 |     8 ||    23
       Brothers in Arms  |       |       |       |     2 |     1 ||     3
       Trog's Hand       |       |       |       |       |     1 ||     1
Evoke: Wand              |       |       |       |    10 |       ||    10
  Use: Potion            |       |       |       |     4 |     3 ||     7
       Scroll            |       |       |       |     2 |     3 ||     5
 Stab: Distracted        |       |       |       |       |     1 ||     1
Armor: Animal skin       |     1 |     1 |       |       |       ||     2
       Chain mail        |       |     4 |     2 |    35 |       ||    41
       Swamp dragon scal |       |       |       |    17 |    38 ||    55
Dodge: Dodged            |     2 |     1 |    15 |    76 |    80 ||   174

Table legend: (Time is in decaauts)
 A = Elapsed time spent in this place.
 B = Non-inter-level travel time spent in this place.
 C = Inter-level travel time spent in this place.
 D = Time resting spent in this place.
 E = Time spent auto-exploring this place.
 F = Levels seen in this place.
 G = Mean time per level.
                   A        B        C        D        E       F      G
               +--------+--------+--------+--------+--------+-----+--------+
         Total |   4516 |   4395 |    121 |   2188 |    828 |   1 | 4516.0 |
       Dungeon |   4516 |   4395 |    121 |   2188 |    828 |   1 | 4516.0 |
               +--------+--------+--------+--------+--------+-----+--------+

Top non-repeatable levels by time:
       D: 4516 daAuts
